 Dungeon Crawl Stone Soup version 0.22-a0-877-g5c4e1af (webtiles) character file.

133 McCoppin the Sneak (level 5, -2/46 HPs)
             Began as an Octopode Necromancer on July 30, 2018.
             Was an Initiate of Kikubaaqudgha.
             Slain by a meliai (3 damage)
             ... on level 2 of the Dungeon.
             The game lasted 00:12:04 (2833 turns).

McCoppin the Sneak (Octopode Necromancer)           Turns: 2833, Time: 00:12:06

Health: -2/46      AC:  1    Str: 12    XL:     5   Next: 16%
Magic:  8/8        EV: 13    Int: 17    God:    Kikubaaqudgha [......]
Gold:   62         SH:  0    Dex: 14    Spells: 4/9 levels left

rFire    . . .     SeeInvis .   k - +4 quarterstaff (chaos)
rCold    . . .     Gourm    .   (shield currently unavailable)
rNeg     . . .     Faith    .   (helmet restricted)
rPois    .         Spirit   .   (no amulet)
rElec    .         Reflect  .   (no ring)
rCorr    .         Harm     .   (no ring)
MR       .....                  (no ring)
Stlth    ..........             (no ring)
HPRegen  0.15/turn              (no ring)
MPRegen  0.11/turn              (no ring)
                                (no ring)
                                (no ring)

@: berserking, lethally poisoned (-2 -> -12), very quick
A: almost no armour, stealthy swim, amphibious, 8 rings, constrict 8, camouflage
1, gelatinous body 1
a: Renounce Religion


You were on level 2 of the Dungeon.
You worshipped Kikubaaqudgha.
Kikubaaqudgha was noncommittal.
You were hungry.

You visited 1 branch of the dungeon, and saw 2 of its levels.

You collected 62 gold pieces.

Inventory:

Hand Weapons
 k - a +4 quarterstaff of chaos (weapon)
Jewellery
 d - an uncursed amulet of guardian spirit
Scrolls
 c - a scroll of amnesia {unknown}
 f - 3 scrolls of teleportation
 g - a scroll of fog {unknown}
 h - a scroll of magic mapping {unknown}
Potions
 a - a potion of berserk rage
 j - a potion of magic
Comestibles
 b - 7 rations


   Skills:
 - Level 2.0 Dodging
 - Level 5.2 Stealth
 + Level 2.6 Spellcasting
 + Level 5.0 Necromancy


You had 4 spell levels left.
You knew the following spells:

 Your Spells              Type           Power        Failure   Level  Hunger
a - Pain                  Necr           ###.         2%          1    #......
b - Vampiric Draining     Necr           ###.......   7%          3    ###....
c - Animate Skeleton      Necr           N/A          2%          1    #......

Your spell library contained the following spells:

 Spells                   Type           Power        Failure   Level  Hunger
 Animate Dead             Necr           N/A          22%         4    #####..
 Regeneration             Chrm/Necr      ##........   19%         3    ###....


Dungeon Overview and Level Annotations

Branches:
Dungeon (2/15)

Altars:
Kikubaaqudgha


Innate Abilities, Weirdness & Mutations

You cannot wear most types of armour.
You are very stealthy in the water. (Stealth+)
You are amphibious.
You can wear up to eight rings at the same time.
You can use your tentacles to constrict eight enemies at once.
Your skin changes colour to match your surroundings (Stealth+).
Your rubbery body absorbs attacks. (AC +1, EV +1)


Message History

The meliai mumbles some strange prayers to its god against you.
Something smites you! The meliai hits you. The meliai barely misses you.
You are too injured to fight recklessly!
You are too injured to fight recklessly!
You are too injured to fight recklessly!
A red film seems to cover your vision as you go berserk!
You feel yourself moving faster!
You feel mighty! The meliai hits you! The meliai stings you.
You are poisoned.
The meliai poisons you!
The meliai calls down the wrath of its god upon you.
Something smites you!
* * * LOW HITPOINT WARNING * * *
You barely miss the meliai. You grab the meliai.
The meliai is moderately wounded.
You constrict the meliai.
* * * LOW HITPOINT WARNING * * *
You feel sick. The meliai closely misses you. The meliai stings you.
You die...
Kikubaaqudgha rasps: "You have failed me!
Welcome... death!"

## ### .#####
#.############# .....#
#......@y......
.###.#####.#############
...........#
.###.#####.# .# #.# #.#
.# #.#####.#
.###.......#
...........#
...........##


You could see a meliai.

Vanquished Creatures
  Crazy Yiuf (D:2)
  Terence (D:2)
  An adder (D:2)
  4 worms (D:2)
  2 dart slugs
  A leopard gecko (D:1)
  2 ball pythons (D:1)
  2 bat zombies (D:2)
  6 giant cockroaches
  5 goblins
  6 hobgoblins
  2 jackals (D:1)
  A quokka (D:2)
  7 bats
  6 frilled lizards
  2 kobolds (D:1)
  4 rats
  A rat zombie (D:2)
54 creatures vanquished.

Notes
Turn   | Place    | Note
-------+----------+-------------------------------------------
     0 | D:1      | McCoppin the Octopode Necromancer began the quest for the Orb.
     0 | D:1      | Reached XP level 1. HP: 11/11 MP: 3/3
   142 | D:1      | Reached XP level 2. HP: 8/17 MP: 5/5
   713 | D:1      | Reached XP level 3. HP: 19/21 MP: 3/6
   734 | D:1      | Reached skill level 5 in Stealth
  1137 | D:2      | Learned a level 3 spell: Vampiric Draining
  1372 | D:2      | Noticed Terence
  1540 | D:2      | Killed Terence
  1540 | D:2      | Reached XP level 4. HP: 6/27 MP: 1/7
  2034 | D:2      | Learned a level 1 spell: Animate Skeleton
  2118 | D:2      | Found a runed door.
  2122 | D:2      | Noticed Crazy Yiuf
  2128 | D:2      | Killed Crazy Yiuf
  2128 | D:2      | Reached XP level 5. HP: 13/31 MP: 1/8
  2515 | D:2      | Reached skill level 5 in Necromancy
  2648 | D:2      | Found an ancient bone altar of Kikubaaqudgha.
  2656 | D:2      | Became a worshipper of Kikubaaqudgha
  2831 | D:2      | Noticed a meliai
  2831 | D:2      | a worm changed into a meliai
  2832 | D:2      | HP: 2/46 [meliai/divine providence (13)]
  2833 | D:2      | Slain by a meliai

Vault maps used:
D:1:      elethiomel_arrival_quiet, serial_park_tiny_1
D:2:      lemuel_doored_altar, lemuel_zombie_altar_kikubaaqudgha, serial_forest,
          infiniplex_forest_clump_small, infiniplex_forest_pool,
          infiniplex_forest_clump_diagonal, infiniplex_forest_end_1,
          infiniplex_forest_straight_2, uniq_terence, uniq_crazy_yiuf_cottage

Skill      XL: |  1  2  3  4  5 |
---------------+----------------+-----
Stealth        | 3 4 5 |  5.2
Necromancy     | 5 |  5.0
Dodging        | |  2.0
Spellcasting   | |  2.6

Action                   |  1- 3 |  4- 6 || total
-------------------------+-------+-------++-------
Melee: Unarmed           |   116 |    31 ||   147
       Constrict         |    32 |    12 ||    44
       Tentacles         |    19 |     5 ||    24
       Quarterstaff      |       |    21 ||    21
 Cast: Pain              |     1 |       ||     1
       Vampiric Draining |     3 |     2 ||     5
  Use: Scroll            |       |     3 ||     3
       Potion            |       |     1 ||     1
 Stab: Sleeping          |    10 |     3 ||    13
  Eat: Chunk             |     2 |     4 ||     6
Armor: Skin              |     7 |     4 ||    11
Dodge: Dodged            |    75 |    31 ||   106

Table legend:
 A = Spawn XP
 B = Non-spawn XP
 C = Spawn XP percentage of total XP
 D = Spawn monster count
 E = Non-spawn monster count
 F = Spawn count percentage of total count
 G = Total turns spent on level
                    A         B        C        D         E        F      G
               +---------+---------+-------+---------+---------+-------+---------
         Total |       0 |     191 |   0.0 |       0 |      54 |   0.0 |  2833
               +---------+---------+-------+---------+---------+-------+---------
           D:1 |       0 |      49 |   0.0 |       0 |      29 |   0.0 |  1315
           D:2 |       0 |     142 |   0.0 |       0 |      25 |   0.0 |  1518
               +---------+---------+-------+---------+---------+-------+---------
